 Dungeon Crawl Stone Soup version 0.30.1-9-gdf580d7c3d (webtiles) character file.

Game seed: 17102984363096229506

16016 Kranky the Fighter (level 12, -2/175 HPs)
             Began as a Minotaur Berserker on Oct 3, 2023.
             Was a High Priest of Trog.
             Slain by an ettin
             ... wielding a +0 great mace
              (33 damage)
             ... on level 10 of the Dungeon on Oct 4, 2023.
             The game lasted 00:21:44 (12729 turns).

Kranky the Fighter (Minotaur Berserker)            Turns: 12729, Time: 00:21:45

Health: -2/175     AC: 16    Str: 25    XL:     12   Next: 6%
Magic:  11/11      EV: 11    Int:  4    God:    Trog [*****.]
Gold:   555        SH:  0    Dex: 12    Spells: 11/11 levels left

rFire   + . .        O - +4 bardiche
rCold   + + .        (shield currently unavailable)
rNeg    . . .        G - +0 plate armour
rPois   .            (helmet restricted)
rElec   .            c - scarf {rC+ rF+}
rCorr   .            H - +0 pair of gloves
SInv    +            (no boots)
Will    .....        t - amulet of the acrobat Stlth
                     v - ring of see invisible
HPRegen 0.49/turn    y - ring of protection from cold
MPRegen 0.12/turn

%: acrobat
@: berserking, very quick
A: horns 2, retaliatory headbutt
a: Renounce Religion, Berserk, Trog's Hand, Brothers in Arms


You were on level 10 of the Dungeon.
You worshipped Trog.
Trog was extremely pleased with you.
You visited 1 branch of the dungeon, and saw 10 of its levels.
You also visited: Sewer.

You collected 600 gold pieces.
You spent 45 gold pieces at shops.

Inventory:

Hand Weapons
 g - a +0 halberd
 p - a +3 rapier of venom
 z - a +2 hand axe of freezing
 E - a +2 halberd of flaming
 O - a +4 bardiche (weapon)
Missiles
 M - 2 throwing nets (quivered)
Armour
 b - a +1 leather armour of willpower
 c - a scarf of resistance (worn)
 A - a +0 chain mail
 G - a +0 plate armour (worn)
 H - a +0 pair of gloves (worn)
Jewellery
 t - an amulet of the acrobat (around neck)
 v - a ring of see invisible (left hand)
 y - a ring of protection from cold (right hand)
Wands
 F - a wand of polymorph (6)
 I - a wand of iceblast (7)
 J - a wand of flame (23)
 N - a wand of digging (5)
Scrolls
 a - a scroll of enchant weapon
 d - 4 scrolls of teleportation
 f - 2 scrolls of fear
 h - a scroll of vulnerability
 i - 9 scrolls of identify
 u - a scroll of fog
 B - a scroll of enchant armour {unknown}
 C - 2 scrolls of blinking {unknown}
 D - 2 scrolls of magic mapping {unknown}
 K - 2 scrolls of poison
Potions
 e - 6 potions of curing {unknown}
 j - 7 potions of degeneration
 k - a potion of cancellation {unknown}
 l - 2 potions of flight
 m - a potion of attraction
 n - 4 potions of ambrosia
 o - 3 potions of mutation {unknown}
 q - 4 potions of brilliance {unknown}
 r - 5 potions of heal wounds
 s - 4 potions of haste {unknown}
 w - 2 potions of resistance {unknown}
 x - 2 potions of lignification
 L - a potion of magic {unknown}
Miscellaneous
 P - a box of beasts


   Skills:
 + Level 14.0 Fighting
 - Level 3.6(6.1) Axes
 + Level 7.7(8.1) Polearms
 - Level 11.6 Armour
 - Level 10.6 Dodging
 + Level 5.8 Evocations


You had 11 spell levels left.
You didn't know any spells.
Your spell library was empty.

Dungeon Overview and Level Annotations

Branches:
Dungeon (10/15)            Temple (0/1) D:6           Sewer (visited)
   Lair: D:8-11         Orc: D:9-12

Altars:
Dithmenos
Elyvilon
Gozag
Nemelex Xobeh
Okawaru
Ru
Sif Muna
Trog
Vehumet
Xom
Yredelemnul

Shops:
D:1 :   D:4 :   D:5 *   D:7 *


Innate Abilities, Weirdness & Mutations

You have a pair of horns on your head.
You reflexively headbutt those who attack you in melee.


Message History

The manticore is moderately wounded.
The manticore bites you!
The manticore claws you but does no damage.
The manticore closely misses you.
The manticore bites you but does no damage.
The manticore claws you but does no damage.
The manticore barely misses you.
You hit the manticore but do no damage.
You headbutt the manticore, but do no damage.
The manticore is moderately wounded.
The manticore bites you!
The manticore claws you but does no damage.
The manticore claws you.
You slice the manticore!!
The manticore is severely wounded.
The manticore bites you but does no damage.
The manticore barely misses you.
The manticore claws you but does no damage.
The manticore barely misses you. You furiously retaliate!
You headbutt the manticore! The manticore misses you.
The manticore barely misses you.
You hit the manticore.
The manticore is almost dead.
The manticore bites you.
The manticore claws you but does no damage.
The manticore claws you.
Unknown command.
You slash the manticore!
You kill the manticore!
Trog accepts your kill.
An ettin comes into view.
It is wielding a +0 great mace and a +0 dire flail.
The ettin hits you with a +0 great mace!
The ettin hits you with a +0 dire flail!!
Your Fighting skill increases to level 14!
A red film seems to cover your vision as you go berserk!
You feel yourself moving faster!
You feel mighty!
The ettin hits you with a +0 great mace!!!
* * * LOW HITPOINT WARNING * * *
The ettin hits you with a +0 dire flail!!
You die...

.####........#...##....###.##..#.
....#......####'###....###.#####.
....+..###.#............'......#.
....#..#.#.#............#......#.
....####.# #....###+#####.######.
....##.#.# #.....##..####.#......
.....#)#.###..##......#...#......
###'#.#)#.##..#.###...#...'......
....###.#.######@.#..######......
....#.#.#.# #..C########....#####
'####.###.###### #..#....#<..#
........#)#". ####..#....#...'
....######### #.....#....#...#
#####.....#:# #.....#....#...#
#....######.### #.....#....#...#
#####)..#.#.#.# ###'###....#....
'##.)####.#.#.####..........#....


You could see an ettin.

Vanquished Creatures
  A frost giant (D:10)
  Harold (D:9)
  An ogre mage (D:10)
  3 two-headed ogres
  A tengu warrior (D:10)
  A deep elf knight (D:10)
  A manticore (D:10)
  An unseen horror (D:10)
  Maggie (D:9)
  A troll (D:8)
  Prince Ribbit (D:5)
  A vampire (D:10)
  2 shadows
  3 wyverns
  A wraith (D:10)
  6 humans (D:7)
  8 yaks (D:10)
  4 steam dragons
  4 vampire mosquitoes (D:10)
  Edmund (D:5)
  2 acid dragons
  A water moccasin (D:7)
  3 orc warriors
  An ice beast (D:4)
  A sky beast (D:6)
  A black bear (D:6)
  2 ogres (D:5)
  4 centaurs
  2 phantoms
  A kobold brigand (D:5)
  6 bullfrogs
  14 wights
  3 electric eels (D:7)
  A crimson imp (D:4)
  3 hounds
  6 jellies
  An orc priest (D:6)
  A gnoll bouda (D:5)
  2 sleepcaps (D:5)
  8 iguanas
  7 orc wizards
  15 gnolls
  12 adders
  3 river rats
  A white imp (D:4)
  An ufetubus (D:6)
  A dart slug (D:3)
  34 orcs
  14 ball pythons
  7 endoplasms
  5 giant cockroaches
  10 hobgoblins
  2 jackals (D:3)
  11 kobolds
  4 quokkas
  4 bats
  7 frilled lizards
  7 goblins
  23 rats
274 creatures vanquished.

Vanquished Creatures (collateral kills)
  A great orb of eyes (D:10)
  A two-headed ogre (D:8)
  A hornet (D:8)
  An orc warrior (D:8)
  A boggart (D:10)
  An orc priest (D:8)
6 creatures vanquished.

Vanquished Creatures (others)
  An orc (D:8)
1 creature vanquished.

Grand Total: 281 creatures vanquished

Notes
Turn   | Place    | Note
-------+----------+-------------------------------------------
     0 | D:1      | Kranky the Minotaur Berserker began the quest for the Orb.
     0 | D:1      | Reached XP level 1. HP: 19/19 MP: 0/0
   266 | D:1      | Found Hupesch's Book Boutique.
   274 | D:1      | Reached XP level 2. HP: 15/27 MP: 1/1
   405 | D:1      | Reached skill level 4 in Fighting
   853 | D:2      | Reached ** piety under Trog
   868 | D:2      | Reached XP level 3. HP: 10/33 MP: 2/2
  1463 | D:2      | Reached XP level 4. HP: 19/41 MP: 3/3
  2327 | D:3      | Reached skill level 5 in Fighting
  2330 | D:3      | Reached XP level 5. HP: 26/48 MP: 4/4
  2648 | D:3      | Reached *** piety under Trog
  3342 | D:4      | Noticed an ice beast
  3351 | D:4      | Killed an ice beast
  3352 | D:4      | Reached XP level 6. HP: 40/57 MP: 5/5
  3545 | D:4      | Reached skill level 5 in Armour
  3587 | D:4      | Found Qiddokh's Book Shop.
  3727 | D:4      | Found a basalt altar of Yredelemnul.
  3822 | D:4      | Found a shimmering blue altar of Sif Muna.
  3822 | D:4      | Found a shimmering altar of Xom.
  3822 | D:4      | Found a sacrificial altar of Ru.
  3822 | D:4      | Found an opulent altar of Gozag.
  3835 | D:4      | Reached skill level 6 in Fighting
  3860 | D:4      | Reached skill level 5 in Dodging
  3860 | D:4      | Reached XP level 7. HP: 35/61 MP: 6/6
  4377 | D:5      | Entered Level 5 of the Dungeon
  4401 | D:5      | Noticed Prince Ribbit
  4433 | D:5      | Killed Prince Ribbit
  4434 | D:5      | Reached skill level 7 in Fighting
  4564 | D:5      | Reached XP level 8. HP: 54/73 MP: 7/7
  4572 | D:5      | Found a glowing drain.
  4576 | Sewer    | Entered a sewer
  4797 | Sewer    | Reached **** piety under Trog
  5282 | D:5      | Noticed Edmund
  5296 | D:5      | Reached skill level 8 in Fighting
  5314 | D:5      | Killed Edmund
  5580 | D:5      | Found Xoohitu's Assorted Antiques.
  5600 | D:5      | Bought a scroll labelled LEL COAXUZUQEZ for 24 gold pieces
  5600 | D:5      | Bought a fuming black potion for 21 gold pieces
  6202 | D:6      | Found a shadowy altar of Dithmenos.
  6254 | D:6      | Reached XP level 9. HP: 79/82 MP: 8/8
  6320 | D:5      | Reached skill level 9 in Fighting
  6384 | D:6      | Reached ***** piety under Trog
  6485 | D:6      | Found a staircase to the Ecumenical Temple.
  6783 | D:6      | Found a sparkling altar of Nemelex Xobeh.
  6921 | D:6      | Found a radiant altar of Vehumet.
  6923 | D:6      | Found a white marble altar of Elyvilon.
  7406 | D:7      | Reached skill level 10 in Fighting
  7644 | D:7      | Reached skill level 10 in Armour
  7655 | D:7      | Reached XP level 10. HP: 46/94 MP: 9/9
  7837 | D:7      | Found Hecati's Elemental Accessories.
  7980 | D:7      | Found a bloodstained altar of Trog.
  8113 | D:7      | Reached skill level 11 in Fighting
  8362 | D:7      | Reached skill level 10 in Dodging
  8936 | D:8      | Noticed a two-headed ogre
  8944 | D:8      | Killed a two-headed ogre
 10122 | D:9      | Noticed a two-headed ogre
 10123 | D:9      | Noticed a two-headed ogre
 10128 | D:9      | Killed a two-headed ogre
 10129 | D:9      | Reached skill level 12 in Fighting
 10129 | D:9      | Reached skill level 1 in Evocations
 10478 | D:9      | Noticed Harold
 10478 | D:9      | Noticed Maggie
 10487 | D:9      | Killed Harold
 10488 | D:9      | Reached XP level 11. HP: 96/104 MP: 10/10
 10493 | D:9      | Killed Maggie
 10914 | D:9      | Killed a two-headed ogre
 11296 | D:10     | Entered Level 10 of the Dungeon
 11443 | D:10     | Found an iron altar of Okawaru.
 11465 | D:10     | Noticed an ogre mage
 11468 | D:10     | Paralysed by an ogre mage for 3 turns
 11471 | D:10     | Killed an ogre mage
 11471 | D:10     | Noticed a deep elf knight
 11479 | D:10     | Killed a deep elf knight
 11480 | D:10     | Reached skill level 5 in Polearms
 11711 | D:10     | Reached skill level 13 in Fighting
 11894 | D:10     | Received a gift from Trog
 11895 | D:10     | Noticed a tengu warrior
 11905 | D:10     | Noticed a frost giant
 11912 | D:10     | Killed a frost giant
 11920 | D:10     | Killed a tengu warrior
 11921 | D:10     | Reached skill level 5 in Evocations
 12178 | D:10     | Identified the +10 falchion of the Kissing Wasp {freeze,
                  | rElec Str-2 Dex+7 Stlth+}
 12399 | D:10     | Noticed a two-headed ogre
 12407 | D:10     | Killed a two-headed ogre
 12407 | D:10     | Noticed a great orb of eyes
 12413 | D:10     | Paralysed by a great orb of eyes for 4 turns
 12420 | D:10     | Killed a great orb of eyes
 12676 | D:10     | Reached XP level 12. HP: 101/116 MP: 11/11
 12728 | D:10     | Noticed an ettin
 12729 | D:10     | Reached skill level 14 in Fighting
 12729 | D:10     | Slain by an ettin

Illustrated notes

Levels and vault maps discovered:
D:1:      lightli_arrival_isolated_outpost, layout_loops_ring, serial_shops,
          shop, kennysheep_another_room
D:2:      layout_basic
D:3:      layout_basic
D:4:      layout_loops_cross, chequers_temple_overflow_statue_of_worship,
          overflow_temple_1_default, serial_shops,
          nicolae_shop_advertising_works [nicolae_subvault_shop_adworks],
          minmay_fire_ice_demons
D:5:      layout_loops_ring, serial_shops, shop, gup_sewer_entry_bowl,
          minmay_misc_feat_four_crosses, uniq_edmund, uniq_prince_ribbit1
D:6:      layout_rooms, nemelex_diamond_rough_becter,
          nicolae_overflow_hidden_temple, temple_statues
D:7:      wad_lake_hut, layout_basic, trog_book, nicolae_overflow_crystal_walls,
          ebering_ghost_reflecting_pool, nicolae_elemental_shop, minmay_ruffians
D:8:      layout_layer_cave
D:9:      layout_irregular_city, uniq_harold, uniq_maggie
D:10:     minmay_chopped_fan, layout_gridville,
          mainiacjoe_overflow_small_starburst, okawaru_gym_becter

Skill      XL: |  1  2  3  4  5  6  7  8  9 10 11 12 |
---------------+-------------------------------------+-----
Fighting       | 4 5 6 7 8 10 12 13 14 | 14.0
Armour         | 3 4 5 6 8 10 11 | 11.6
Dodging        | 3 4 5 6 7 9 10 | 10.6
Polearms       | 3 7 |  7.7
Evocations     | 2 5 |  5.8
Axes           | |  3.6

Action                     |  1- 3 |  4- 6 |  7- 9 | 10-12 || total
---------------------------+-------+-------+-------+-------++-------
  Melee: Hand axe          |    44 |       |       |       ||    44
         Headbutt          |     5 |    21 |    71 |    70 ||   167
         Punch             |     1 |     2 |     3 |     1 ||     7
         Halberd           |    21 |    16 |       |    78 ||   115
         Rapier            |       |    98 |   360 |   163 ||   621
         Bardiche          |       |       |       |    26 ||    26
 Invoke: Berserk           |     1 |       |     2 |     2 ||     5
         Trog's Hand       |       |       |     1 |     2 ||     3
         Brothers in Arms  |       |       |       |     3 ||     3
    Use: Scroll            |       |       |    15 |       ||    15
         Potion            |       |       |     1 |       ||     1
 Armour: Animal skin       |     5 |       |       |       ||     5
         Ring mail         |       |    21 |       |       ||    21
         Scale mail        |       |    10 |     5 |       ||    15
         Chain mail        |       |       |   155 |       ||   155
         Plate armour      |       |       |    49 |   146 ||   195
  Dodge: Dodged            |    42 |    68 |   278 |   210 ||   598
